 Dungeon Crawl Stone Soup version 0.21.1-1-g345015fe64 (webtiles) character file.

344 Hercules1031 the Skirmisher (level 6, 0/51 HPs)
             Began as a Demonspawn Fighter on June 10, 2018.
             Succumbed to a scorpion's poison
             ... on level 4 of the Dungeon.
             The game lasted 00:12:10 (2456 turns).

Hercules1031 the Skirmisher (Demonspawn Fighter)    Turns: 2456, Time: 00:12:10

Health: 0/51       AC: 12    Str: 23    XL:     6   Next: 31%
Magic:  6/6        EV:  9    Int:  9    God:
Gold:   100        SH: 10    Dex: 18    Spells: 5/5 levels left

rFire    . . .     SeeInvis .   a - +1 war axe
rCold    . . .     Gourm    .   c - +0 shield
rNeg     . . .     Faith    .   n - +0 plate armour
rPois    .         Spirit   .   (no helmet)
rElec    .         Reflect  .   (no cloak)
rCorr    .         Harm     .   (no gloves)
MR       .....                  p - +0 pair of boots
Stlth    ..........             o - amulet of rage
HPRegen  0.17/turn              s - ring of flight
MPRegen  0.10/turn              (no ring)

@: mighty, agile, lethally poisoned (0 -> -5)
A: talons 1, powered by pain 1
a: Evoke Berserk Rage, Evoke Flight


You were on level 4 of the Dungeon.
You were not hungry.

You visited 1 branch of the dungeon, and saw 4 of its levels.

You collected 100 gold pieces.

Inventory:

Hand Weapons
 a - a +1 war axe (weapon)
Armour
 b - a +0 scale mail
 c - a +0 shield (worn)
 e - a +0 chain mail
 n - a +0 plate armour (worn)
 p - a +0 pair of boots (worn)
Jewellery
 f - an uncursed amulet of magic regeneration
 h - a +2 amulet of reflection
 o - an amulet of rage (around neck)
 s - a ring of flight (left hand)
 t - a cursed ring of loudness
Scrolls
 g - a scroll of fear {unknown}
 i - 2 scrolls of blinking
 k - a scroll of remove curse
 l - 2 scrolls of teleportation
Comestibles
 j - a ration


   Skills:
 * Level 5.0 Fighting
 + Level 3.1 Axes
 + Level 3.7 Armour
 + Level 3.7 Shields


You had 5 spell levels left.
You didn't know any spells.

Dungeon Overview and Level Annotations

Branches:
Dungeon (4/15)
 Temple: D:4-7

Altars:
Gozag

Annotations:
D:4 Kisielow's ghost, novice MfTm


Innate Abilities, Weirdness & Mutations

You have sharp toenails.
You sometimes gain a little power by taking damage.


Message History

Kisielow's ghost is heavily damaged.
You closely miss the scorpion.
Your plate armour prevents you from hitting the adder.
* * * LOW HITPOINT WARNING * * *
You feel sick. You block the adder's attack. You block the scorpion's attack.
The adder bites you but does no damage.
Kisielow's ghost briefly turns into a stone statue and back.
You block Kisielow's ghost's attack.
You closely miss Kisielow's ghost.
Kisielow's ghost is heavily damaged.
You hit the scorpion. You miss the adder.
* * * LOW HITPOINT WARNING * * *
You feel sick. The adder bites you but does no damage.
The scorpion stings you but does no damage.
You block Kisielow's ghost's attack. You block the adder's attack.
The scorpion stings you but does no damage.
You miss Kisielow's ghost.
Kisielow's ghost is heavily damaged.
You hit the scorpion but do no damage. You hit the adder.
You die...

#....#
#.s..# #
#).#.#
#.#..#.#
####.#..#.##
........#..#
#....#.S#.#
#...# #....#
# #....#
#....#
#....#
#....#


You could see a scorpion, Kisielow's ghost and an adder.

Vanquished Creatures
  The ghost of zuik the Carver, an amateur MiBe of Trog (D:3)
  A worker ant (D:4)
  4 adders
  2 worms
  2 dart slugs
  4 leopard geckos
  An orc (D:3)
  3 bats
  4 giant cockroaches
  4 goblins
  12 hobgoblins
  4 jackals (D:2)
  6 kobolds
  A ball python (D:2)
  5 frilled lizards
  12 rats
66 creatures vanquished.

Notes
Turn   | Place    | Note
-------+----------+-------------------------------------------
     0 | D:1      | Hercules1031 the Demonspawn Fighter began the quest for the Orb.
     0 | D:1      | Reached XP level 1. HP: 18/18 MP: 1/1
   166 | D:1      | Gained mutation: You sometimes gain a little power by taking damage. [demonic ancestry]
   166 | D:1      | Reached XP level 2. HP: 21/24 MP: 2/2
   760 | D:2      | Reached XP level 3. HP: 29/29 MP: 3/3
  1290 | D:3      | Noticed zuik's ghost (amateur MiBe)
  1313 | D:3      | HP: 1/45 [zuik's ghost (8)]
  1314 | D:3      | Killed zuik's ghost
  1314 | D:3      | Reached skill level 4 in Fighting
  1314 | D:3      | Reached XP level 4. HP: 2/38 MP: 4/4
  1314 | D:3      | Gained mutation: You have sharp toenails. [demonic ancestry]
  1314 | D:3      | Reached XP level 5. HP: 2/43 MP: 5/5
  1314 | D:3      | Reached XP level 6. HP: 2/50 MP: 6/6
  1820 | D:3      | Reached skill level 5 in Fighting
  1918 | D:3      | Found an opulent altar of Gozag.
  2441 | D:4      | Noticed Kisielow's ghost (novice MfTm)
  2453 | D:4      | HP: 2/51 [Kisielow's ghost (4)]
  2456 | D:4      | Succumbed to a scorpion's poison

Skill      XL: |  1  2  3  4  5  6 |
---------------+-------------------+-----
Axes           | 2 3 |  3.1
Shields        | 3 |  3.7
Armour         | 3 |  3.7
Fighting       | 4 5 |  5.0

Action                   |  1- 3 |  4- 6 || total
-------------------------+-------+-------++-------
Melee: War axe           |   124 |    77 ||   201
       Kick              |       |    11 ||    11
Throw: Tomahawk          |       |     1 ||     1
  Use: Scroll            |     7 |     7 ||    14
       Potion            |     3 |     2 ||     5
  Eat: Ration            |     2 |       ||     2
Armor: Scale mail        |    37 |       ||    37
       Chain mail        |    26 |       ||    26
       Plate armour      |    32 |    63 ||    95
Dodge: Dodged            |    27 |    20 ||    47
Block: Shield            |    75 |    54 ||   129
